 Dungeon Crawl Stone Soup version 0.28-a0-695-gff097466f2 (webtiles) character file.

Game seed: 39537961727951598

18046 Ijustatesigmund the Prestidigitator (level 12, -9/92 HPs)
             Began as a Gnoll Artificer on Oct 22, 2021.
             Was a Believer of Cheibriados.
             Killed from afar by Frances (18 damage)
             ... with an iron shot
             ... on level 12 of the Dungeon.
             The game lasted 00:47:39 (21852 turns).

Ijustatesigmund the Prestidigitator (GnAr)         Turns: 21852, Time: 00:47:40

Health: -9/92      AC: 17    Str: 18    XL:     12   Next: 54%
Magic:  16/23      EV:  9    Int: 19    God:    Cheibriados [**....]
Gold:   1565       SH:  6    Dex: 18    Spells: 23/25 levels left

rFire   + . .      SeeInvis +   a - +4 broad axe (vorpal)
rCold   + . .      Faith    .   B - +0 buckler
rNeg    . . .      Spirit   .   b - +9 plate armour of Beogh's Inspiration {rElec rCorr}
rPois   .          Reflect  .   (no helmet)
rElec   +          Harm     .   d - scarf {rC+ rF+}
rCorr   +          Rampage  .   (no gloves)
Will    .....                   l - +1 pair of boots
Stlth   ..........              (no amulet)
HPRegen 0.25/turn               k - ring of see invisible
MPRegen 0.18/turn               t - ring of the Death Scarab {Wiz Slay+3}

@: corroded, very slow
A: fangs 1, strong nose, distributed training
a: Renounce Religion, Bend Time


You were on level 12 of the Dungeon.
You worshipped Cheibriados.
Cheibriados was pleased with you.
You visited 2 branches of the dungeon, and saw 13 of its levels.
You also visited: Ossuary and Bailey.

You collected 1929 gold pieces.
You spent 364 gold pieces at shops.

Inventory:

Hand Weapons
 a - a +4 vorpal broad axe (weapon)
 c - the +6 hunting sling of the Abyss {vorpal, rElec rPois rCorr Dex-2}
   (You found it in a bailey)

   Any ammunition fired from it inflicts extra damage upon your enemies.
   Dex:       It affects your dexterity (-2).
   rElec:     It insulates you from electricity.
   rPois:     It protects you from poison.
   rCorr:     It protects you from acid and corrosion.
 s - a +3 morningstar
Missiles
 e - 23 sling bullets
Armour
 b - the +9 plate armour of Beogh's Inspiration (worn) {rElec rCorr}
   (You acquired it on level 4 of the Dungeon)

   rElec:     It insulates you from electricity.
   rCorr:     It protects you from acid and corrosion.
 d - a scarf of resistance (worn)
 l - a +1 pair of boots (worn)
 B - a +0 buckler (worn)
 C - a +1 cloak
Jewellery
 k - a ring of see invisible (left hand)
 n - a ring of fire
 t - the ring of the Death Scarab (right hand) {Wiz Slay+3}
   (You acquired it on level 5 of the Dungeon)

   [ring of wizardry]

   It improves your spell success rate.
   Slay:      It affects your accuracy & damage with ranged weapons and melee
   (+3).
Wands
 i - a wand of iceblast (9)
 m - a wand of polymorph (37)
 v - a wand of digging (7)
Scrolls
 f - 3 scrolls of identify
 p - 4 scrolls of magic mapping
 w - 3 scrolls of teleportation
Potions
 g - 4 potions of lignification
 h - a potion of attraction
 o - a potion of resistance
 q - 4 potions of magic
 u - a potion of flight
 x - 2 potions of brilliance
 z - a potion of cancellation
 A - 2 potions of curing
 E - a potion of ambrosia


   Skills:
 + Level 7.9 Fighting
 + Level 7.4 Short Blades
 + Level 7.4 Long Blades
 + Level 7.4 Axes
 + Level 7.4 Maces & Flails
 + Level 7.4 Polearms
 + Level 7.4 Staves
 + Level 7.4 Slings
 + Level 7.4 Bows
 + Level 7.4 Crossbows
 + Level 7.4 Throwing
 + Level 8.8 Armour
 + Level 7.9 Dodging
 + Level 7.8 Stealth
 + Level 7.4 Shields
 + Level 7.4 Unarmed Combat
 + Level 7.4 Spellcasting
 + Level 6.1 Conjurations
 + Level 6.1 Hexes
 + Level 6.1 Summonings
 + Level 6.1 Necromancy
 + Level 6.1 Translocations
 + Level 6.1 Transmutations
 + Level 6.1 Fire Magic
 + Level 6.1 Ice Magic
 + Level 6.1 Air Magic
 + Level 6.1 Earth Magic
 + Level 6.1 Poison Magic
 + Level 8.1 Invocations
 + Level 9.9 Evocations


You had 23 spell levels left.
You knew the following spells:

 Your Spells              Type           Power      Damage    Failure   Level
a - Blink                 Tloc           N/A        N/A       12%         2

Your spell library contained the following spells:

 Spells                   Type           Power      Damage    Failure   Level
 Animate Skeleton         Necr           60%        N/A       8%          1
 Ensorcelled Hibernation  Hex/Ice        60%        N/A       12%         2
 Slow                     Hex            30%        N/A       12%         2
 Confusing Touch          Hex            30%        N/A       22%         3
 Gell's Gravitas          Tloc           15%        N/A       22%         3
 Lesser Beckoning         Tloc           30%        N/A       22%         3
 Portal Projectile        Hex/Tloc       60%        N/A       22%         3
 Stone Arrow              Conj/Erth      60%        3d10      22%         3
 Teleport Other           Tloc           30%        N/A       22%         3
 Tukima's Dance           Hex            30%        N/A       22%         3
 Animate Armour           Summ/Erth      60%        N/A       56%         4
 Fulminant Prism          Conj/Hex       15%        3d11      56%         4
 Iskenderun's Mystic Bla  Conj/Tloc      30%        2d8       56%         4
 Blade Hands              Tmut           15%        N/A       88%         5
 Excruciating Wounds      Necr           15%        N/A       88%         5
 Fireball                 Conj/Fire      15%        3d8       88%         5
 Iskenderun's Battlesphe  Conj           30%        2d8       88%         5
 Lee's Rapid Deconstruct  Erth           15%        3d11*     88%         5
 Manifold Assault         Tloc           30%        N/A       88%         5
 Silence                  Hex/Air        15%        N/A       88%         5
 Yara's Violent Unravell  Hex/Tmut       15%        3d8       88%         5
 Conjure Ball Lightning   Conj/Air       15%        3x3d6     100%        6
 Iron Shot                Conj/Erth      15%        9d4       100%        6
 Orb of Destruction       Conj           15%        9d7       100%        7
 Lehudib's Crystal Spear  Conj/Erth      15%        10d5      100%        8


Dungeon Overview and Level Annotations

Branches:
Dungeon (12/15)            Temple (1/1) D:4            Lair (0/6) D:8
    Orc (0/2) D:12        Ossuary (visited)          Bailey (visited)

Altars:
Ashenzari
Cheibriados
Dithmenos
Elyvilon
Fedhas
Gozag
Hepliaklqana
Kikubaaqudgha
Makhleb
Nemelex Xobeh
Okawaru
Qazlal
Ru
Sif Muna
Trog
Uskayaw
Vehumet
Wu Jian
Xom
Yredelemnul
Zin
The Shining One

Shops:
D:12 :

Annotations:
D:12 Frances


Innate Abilities, Weirdness & Mutations

You have very sharp teeth.
Your uncanny sense of smell can sniff out nearby items.
Your experience applies equally to all skills.


Message History

The neqoxec hits you but does no damage.
The rust devil hits you.
You slash Frances! Your bite misses Frances.
Frances is heavily wounded.
You hit the neqoxec. You hit the rust devil.
Frances hits you but does no damage. You block the neqoxec's attack.
The rust devil hits you. The rust devil corrodes you!
You hit Frances.
Frances is heavily wounded.
You hit the rust devil. You hit the neqoxec. Frances barely misses you.
The neqoxec misses you. Frances completely misses you.
The rust devil closely misses you.
You hit Frances but do no damage. Your bite misses Frances.
Frances is heavily wounded.
You closely miss the rust devil. You hit the neqoxec.
You block Frances's attack. The neqoxec barely misses you.
You hit Frances.
Frances is heavily wounded.
You hit the rust devil. You slash the neqoxec!
The rust devil closely misses you. You block Frances's attack.
You slash Frances! You bite Frances, but do no damage.
Frances is heavily wounded.
You slash the neqoxec!
You kill the neqoxec!
The neqoxec disappears in a puff of smoke!
You hit the rust devil but do no damage.
Frances whispers indecipherable words.
The iron shot hits you!!!
Ouch! That really hurt!
The rust devil hits you. The rust devil corrodes you! The chaos spawn hits you.
You feel your power leaking away.
You hit Frances.
Frances is heavily wounded.
You slash the rust devil! You hit the chaos spawn.
Frances hits you with a +0 mace!!
* * * LOW HITPOINT WARNING * * *
The rust devil barely misses you. You block the chaos spawn's attack.
Frances mutters in a terrible tongue.
The iron shot hits you!!
You die...

.................
........................
..........).............
........................
.....#..................
....###.................
...## ##...........(((..
....###..........4(.....
.....#.....###..@@.....#
...........# #..§4....##
...........###..§§...##
....................##
...................##
..................##
.................##
##################


You could see Frances (fast, slow), a rust devil (summoned, slow) and a chaos
spawn (summoned).

Vanquished Creatures
  A hydra (D:12)
  3 two-headed ogres
  3 death yaks (D:8)
  An orc knight (D:11)
  A manticore (D:8)
  An ugly thing (D:11)
  2 cyclopes
  The ghost of Soborki the Cleaver, a novice MiBe of Trog (D:5)
  A gargoyle (D:12)
  3 unseen horrors (D:11)
  A kobold demonologist (D:10)
  A komodo dragon (D:12)
  The ghost of Wallenstein the Skirmisher, an amateur MiBe of Trog (D:5)
  A troll (D:12)
  A meliai zombie (D:11)
  6 slime creatures
  Duvessa (D:7)
  A shadow (D:12)
  A wyvern (D:8)
  10 yaks
  2 basilisks
  A steam dragon (D:6)
  4 vampire mosquitoes (D:12)
  An acid dragon (D:11)
  3 water moccasins
  10 orc warriors
  A sky beast (D:6)
  2 ice beasts
  A killer bee (D:8)
  A black bear (D:6)
  3 necrophages
  3 centaurs
  4 ogres
  2 kobold brigands
  3 bullfrogs (D:6)
  3 scorpions
  4 water moccasin zombies
  A wyvern skeleton (D:7)
  Dowan (D:7)
  2 water moccasin skeletons
  9 wights
  3 howler monkeys
  2 centaur zombies
  4 jellies
  3 gnoll shamans
  2 bullfrog skeletons
  7 orc priests
  An iguana (D:5)
  8 orc wizards
  A hell rat (D:8)
  A killer bee zombie (D:6)
  A hound skeleton (D:5)
  2 mummies (Ossuary)
  25 gnolls
  5 adders
  3 river rats (D:8)
  A shadow imp (D:5)
  3 white imps
  An ufetubus (D:5)
  An adder zombie (Ossuary)
  An adder skeleton (D:4)
  3 worms (D:3)
  4 dart slugs
  33 orcs
  7 ball pythons
  7 bats
  4 endoplasms
  3 giant cockroaches
  7 gnoll zombies (Ossuary)
  7 goblins
  4 hobgoblins
  3 jackals (D:4)
  16 kobolds
  10 quokkas
  2 frilled lizards (D:1)
  5 hobgoblin zombies (Ossuary)
  6 kobold zombies (Ossuary)
  3 orc zombies (Ossuary)
  7 rats
308 creatures vanquished.

Vanquished Creatures (collateral kills)
  An ice beast (D:5)
  2 wights
  A hound zombie (D:5)
  3 orcs (D:3)
  An endoplasm (D:1)
  A kobold (D:1)
9 creatures vanquished.

Vanquished Creatures (others)
  A scorpion (D:7)
  2 killer bees (D:8)
  2 wights
  An orc wizard (D:8)
  2 kobolds (D:8)
  2 fungi (D:1)
  2 plants (D:1)
  4 toadstools (D:1)
  5 withered plants (D:5)
21 creatures vanquished.

Grand Total: 338 creatures vanquished

Notes
Turn   | Place    | Note
-------+----------+-------------------------------------------
     0 | D:1      | Ijustatesigmund the Gnoll Artificer began the quest for the
                  | Orb.
     0 | D:1      | Reached XP level 1. HP: 17/17 MP: 1/1
   177 | D:1      | Reached XP level 2. HP: 12/23 MP: 2/2
   581 | D:1      | Found a faded altar of an unknown god.
   937 | D:1      | Reached XP level 3. HP: 21/28 MP: 3/3
  2048 | D:2      | Reached skill level 1 in Invocations
  2208 | D:2      | Reached skill level 1 in Short Blades
  2208 | D:2      | Reached skill level 1 in Long Blades
  2208 | D:2      | Reached skill level 1 in Axes
  2208 | D:2      | Reached skill level 1 in Maces & Flails
  2208 | D:2      | Reached skill level 1 in Polearms
  2208 | D:2      | Reached skill level 1 in Staves
  2208 | D:2      | Reached skill level 1 in Slings
  2208 | D:2      | Reached skill level 1 in Bows
  2208 | D:2      | Reached skill level 1 in Crossbows
  2208 | D:2      | Reached skill level 1 in Throwing
  2208 | D:2      | Reached skill level 1 in Shields
  2208 | D:2      | Reached skill level 1 in Unarmed Combat
  2208 | D:2      | Reached skill level 1 in Spellcasting
  3061 | D:3      | Reached XP level 4. HP: 28/34 MP: 5/5
  3365 | D:3      | Reached skill level 1 in Conjurations
  3365 | D:3      | Reached skill level 1 in Hexes
  3365 | D:3      | Reached skill level 1 in Summonings
  3365 | D:3      | Reached skill level 1 in Necromancy
  3365 | D:3      | Reached skill level 1 in Translocations
  3365 | D:3      | Reached skill level 1 in Transmutations
  3365 | D:3      | Reached skill level 1 in Fire Magic
  3365 | D:3      | Reached skill level 1 in Ice Magic
  3365 | D:3      | Reached skill level 1 in Air Magic
  3365 | D:3      | Reached skill level 1 in Earth Magic
  3365 | D:3      | Reached skill level 1 in Poison Magic
  3433 | D:3      | Reached XP level 5. HP: 10/40 MP: 6/6
  3439 | D:3      | HP: 2/40 [orc priest (6)]
  3588 | D:3      | HP: 2/41 [poisoned by an adder]
  4578 | D:4      | Noticed a necrophage
  4580 | D:4      | Noticed a necrophage
  4644 | D:4      | Identified a scroll of acquirement
  4644 | D:4      | Acquired the +9 plate armour of Beogh's Inspiration {rElec
                  | rCorr}
  4808 | D:4      | Found a sand-covered staircase.
  4814 | Ossuary  | Entered an ossuary
  4862 | Ossuary  | Reached XP level 6. HP: 13/44 MP: 8/8
  5114 | Ossuary  | Reached skill level 5 in Armour
  5861 | D:4      | Killed a necrophage
  5862 | D:4      | Reached XP level 7. HP: 52/52 MP: 10/10
  5900 | D:4      | Reached skill level 7 in Evocations
  6069 | D:4      | Found a staircase to the Ecumenical Temple.
  6322 | D:4      | Found an opulent altar of Gozag.
  6538 | D:5      | Entered Level 5 of the Dungeon
  6539 | D:5      | Found a blossoming altar of Fedhas.
  6845 | D:5      | Reached XP level 8. HP: 60/60 MP: 12/12
  6944 | D:5      | Found a runed translucent gate.
  6945 | D:5      | Found a runed translucent gate.
  6945 | D:5      | Found a runed translucent gate.
  7749 | D:5      | Acquired the ring of the Death Scarab {Wiz Slay+3}
  7896 | D:5      | Noticed Soborki's ghost (novice MiBe)
  7896 | D:5      | Noticed Wallenstein's ghost (amateur MiBe)
  7937 | D:6      | Found a burning altar of Makhleb.
  8507 | D:6      | Found an ornate altar of the Wu Jian Council.
  8510 | D:6      | Found a sparkling altar of Nemelex Xobeh.
  8510 | D:6      | Found a stormy altar of Qazlal.
  8512 | D:6      | Found an ancient bone altar of Kikubaaqudgha.
  8513 | D:6      | Found an iron altar of Okawaru.
  8579 | D:6      | Reached XP level 9. HP: 52/66 MP: 14/14
  8737 | D:6      | Got the Tome of Doomed Beguiling
  9444 | D:6      | Reached skill level 5 in Fighting
  9444 | D:6      | Reached skill level 5 in Dodging
  9709 | D:6      | Reached skill level 5 in Stealth
  9825 | D:6      | Reached skill level 8 in Evocations
 10307 | D:7      | Reached skill level 5 in Invocations
 10988 | D:7      | Reached XP level 10. HP: 67/74 MP: 17/17
 11362 | D:7      | Reached skill level 5 in Short Blades
 11362 | D:7      | Reached skill level 5 in Long Blades
 11362 | D:7      | Reached skill level 5 in Axes
 11362 | D:7      | Reached skill level 5 in Maces & Flails
 11362 | D:7      | Reached skill level 5 in Polearms
 11362 | D:7      | Reached skill level 5 in Staves
 11362 | D:7      | Reached skill level 5 in Slings
 11362 | D:7      | Reached skill level 5 in Bows
 11362 | D:7      | Reached skill level 5 in Crossbows
 11362 | D:7      | Reached skill level 5 in Throwing
 11362 | D:7      | Reached skill level 5 in Shields
 11362 | D:7      | Reached skill level 5 in Unarmed Combat
 11362 | D:7      | Reached skill level 5 in Spellcasting
 11638 | D:7      | Noticed Dowan
 11647 | D:7      | Killed Dowan
 11654 | D:7      | Noticed Duvessa
 11671 | D:7      | Killed Duvessa
 12114 | Temple   | Entered the Ecumenical Temple
 12344 | D:5      | Killed Soborki's ghost
 13514 | D:8      | Found a snail-covered altar of Cheibriados.
 13532 | D:8      | Noticed a death yak
 13556 | D:8      | Killed a death yak
 13754 | D:8      | Found a staircase to the Lair.
 13776 | D:8      | Noticed a death yak
 13778 | D:8      | Noticed a death yak
 13843 | D:5      | Killed Wallenstein's ghost
 14799 | D:9      | Found a bloodstained altar of Trog.
 14953 | D:9      | Noticed a cyclops
 14959 | D:9      | Killed a cyclops
 15111 | D:9      | Found a radiant altar of Vehumet.
 15181 | D:10     | Entered Level 10 of the Dungeon
 15480 | D:10     | Noticed a two-headed ogre
 15488 | D:10     | Killed a two-headed ogre
 15489 | D:10     | Reached XP level 11. HP: 83/83 MP: 19/19
 15526 | D:10     | Reached skill level 9 in Evocations
 15859 | D:10     | Noticed a sixfirhy
 15864 | D:10     | Reached skill level 5 in Conjurations
 15864 | D:10     | Reached skill level 5 in Hexes
 15864 | D:10     | Reached skill level 5 in Summonings
 15864 | D:10     | Reached skill level 5 in Necromancy
 15864 | D:10     | Reached skill level 5 in Translocations
 15864 | D:10     | Reached skill level 5 in Transmutations
 15864 | D:10     | Reached skill level 5 in Fire Magic
 15864 | D:10     | Reached skill level 5 in Ice Magic
 15864 | D:10     | Reached skill level 5 in Air Magic
 15864 | D:10     | Reached skill level 5 in Earth Magic
 15864 | D:10     | Reached skill level 5 in Poison Magic
 16168 | D:8      | Killed a death yak
 16179 | D:8      | Killed a death yak
 16367 | D:8      | Noticed a manticore
 16373 | D:8      | Killed a manticore
 16770 | D:8      | Found a shimmering blue altar of Sif Muna.
 16909 | D:8      | Became a worshipper of Cheibriados the Contemplative
 16977 | D:11     | Found a flagged portal.
 16994 | Bailey   | Entered a bailey
 16996 | Bailey   | Noticed an orc knight
 17662 | Bailey   | Identified the +6 hunting sling of the Abyss {vorpal, rElec
                  | rPois rCorr Dex-2}
 18538 | D:11     | Noticed a two-headed ogre
 18561 | D:11     | Killed a two-headed ogre
 18652 | D:11     | Noticed an orc knight
 19009 | D:11     | Reached * piety under Cheibriados
 19023 | D:11     | Killed an orc knight
 19421 | D:11     | Noticed a two-headed ogre
 19590 | D:12     | Noticed a red ugly thing
 19604 | D:11     | Killed a red ugly thing
 20052 | D:12     | Reached XP level 12. HP: 66/91 MP: 22/22
 20159 | D:12     | Found a staircase to the Orcish Mines.
 20264 | D:12     | Noticed an eight-headed hydra
 20540 | D:11     | Killed a two-headed ogre
 20694 | D:11     | Reached ** piety under Cheibriados
 21601 | D:12     | Found Dexoleir's Book Shoppe.
 21609 | D:12     | Bought a book of Spatial Translocations for 364 gold pieces
 21612 | D:12     | Learned a level 2 spell: Blink
 21657 | D:12     | Killed an eight-headed hydra
 21836 | D:12     | Noticed Frances
 21852 | D:12     | Killed from afar by Frances

Illustrated notes

Levels and vault maps discovered:
D:1:      psy_arrival_whirlpool, layout_basic,
          hellmonk_ecumenical_altar_zigzags, serial_bayou_pond_b,
          minmay_gold_behind_fungi, kennysheep_boxes
D:2:      layout_loops_corners
D:3:      layout_basic, grunt_decor_resistance, grunt_decor_arrowhead
D:4:      layout_cave_pods, kennysheep_little_box, minmay_temple_entry_junction,
          nicolae_ossuary_entry_false_entrances
D:5:      layout_rooms, fedhas_ov_isle_minmay, gammafunk_ghost_cemetery
D:6:      minmay_thinvault, layout_rooms, grunt_temple_overflow_open,
          minmay_misc_feat_secret_circle
D:7:      layout_loops_ring, uniq_duvessa
D:8:      layout_loops_ring, mainiacjoe_overflow_catwalk,
          kennysheep_slug_shrine, dpeg_lair_monsters
D:9:      layout_roguey, mainiacjoe_overflow_alcove_1,
          nicolae_overflow_hidden_temple
D:10:     layout_gridville, roderic_lattice_a
D:11:     layout_basic, lightli_bailey_entry_fortress,
          ebering_dispersal_statue_hall
D:12:     layout_big_octagon, david_orc_1_choice, serial_shops, shop,
          uniq_frances
Temple:   compressed_dpeg_circular_temple

Skill      XL: |  1  2  3  4  5  6  7  8  9 10 11 12 |
---------------+-------------------------------------+-----
Invocations    | 1 2 3 4 5 6 7 8 |  8.1
Short Blades   | 1 2 3 4 5 6 7 |  7.4
Long Blades    | 1 2 3 4 5 6 7 |  7.4
Axes           | 1 2 3 4 5 6 7 |  7.4
Maces & Flails | 1 2 3 4 5 6 7 |  7.4
Polearms       | 1 2 3 4 5 6 7 |  7.4
Staves         | 1 2 3 4 5 6 7 |  7.4
Slings         | 1 2 3 4 5 6 7 |  7.4
Bows           | 1 2 3 4 5 6 7 |  7.4
Crossbows      | 1 2 3 4 5 6 7 |  7.4
Throwing       | 1 2 3 4 5 6 7 |  7.4
Shields        | 1 2 3 4 5 6 7 |  7.4
Unarmed Combat | 1 2 3 4 5 6 7 |  7.4
Spellcasting   | 1 2 3 4 5 6 7 |  7.4
Conjurations   | 1 2 3 4 5 6 |  6.1
Hexes          | 1 2 3 4 5 6 |  6.1
Summonings     | 1 2 3 4 5 6 |  6.1
Necromancy     | 1 2 3 4 5 6 |  6.1
Translocations | 1 2 3 4 5 6 |  6.1
Transmutations | 1 2 3 4 5 6 |  6.1
Fire Magic     | 1 2 3 4 5 6 |  6.1
Ice Magic      | 1 2 3 4 5 6 |  6.1
Air Magic      | 1 2 3 4 5 6 |  6.1
Earth Magic    | 1 2 3 4 5 6 |  6.1
Poison Magic   | 1 2 3 4 5 6 |  6.1
Fighting       | 3 4 5 6 7 |  7.9
Dodging        | 3 4 5 6 7 |  7.9
Armour         | 5 6 7 8 |  8.8
Stealth        | 3 4 5 6 7 |  7.8
Evocations     | 7 8 9 |  9.9

Action                   |  1- 3 |  4- 6 |  7- 9 | 10-12 || total
-------------------------+-------+-------+-------+-------++-------
Melee: Dagger            |    79 |       |       |       ||    79
       Bite              |     9 |    42 |    59 |    57 ||   167
       Punch             |     1 |     1 |     2 |       ||     4
       Hand axe          |    44 |   301 |    77 |       ||   422
       Short sword       |    21 |       |       |       ||    21
       Spear             |       |       |   486 |    79 ||   565
       Broad axe         |       |       |       |   367 ||   367
       Trident           |       |       |       |    46 ||    46
 Fire: Hunting sling     |       |       |       |   117 ||   117
Throw: Dart              |       |       |     1 |     8 ||     9
Invok: Bend Time         |       |       |       |     2 ||     2
Evoke: Wand              |     8 |     9 |     6 |    36 ||    59
  Use: Scroll            |     1 |     8 |     5 |    13 ||    27
       Potion            |       |     6 |     3 |    18 ||    27
 Stab: Sleeping          |     1 |       |       |       ||     1
       Distracted        |       |       |     1 |       ||     1
       Paralysed         |       |       |       |     7 ||     7
       Invisible         |       |       |       |     1 ||     1
Armor: Leather armour    |    18 |       |       |       ||    18
       Ring mail         |    21 |       |       |       ||    21
       Chain mail        |     3 |    60 |       |       ||    63
       Plate armour      |       |   160 |   446 |   423 ||  1029
       Skin              |       |       |       |     2 ||     2
Dodge: Dodged            |    91 |    64 |   116 |   170 ||   441
Block: Buckler           |       |       |    63 |   163 ||   226

Table legend: (Time is in decaauts)
 A = Elapsed time spent in this place.
 B = Non-inter-level travel time spent in this place.
 C = Inter-level travel time spent in this place.
 D = Time resting spent in this place.
 E = Time spent auto-exploring this place.
 F = Levels seen in this place.
 G = Mean time per level.
                   A        B        C        D        E       F      G
               +--------+--------+--------+--------+--------+-----+--------+
         Total |  22655 |  21553 |   1102 |   8275 |   9568 |  15 | 1510.3 |
       Dungeon |  20861 |  19770 |   1091 |   7090 |   9475 |  12 | 1738.4 |
        Temple |     87 |     77 |     10 |      0 |     68 |   1 |   87.0 |
       Ossuary |    772 |    772 |      0 |    468 |     25 |   1 |  772.0 |
        Bailey |    934 |    934 |      0 |    717 |      0 |   1 |  934.0 |
               +--------+--------+--------+--------+--------+-----+--------+

Top non-repeatable levels by time:
    D:11: 3308 daAuts
     D:5: 2240 daAuts
     D:6: 2110 daAuts
     D:7: 1967 daAuts
     D:8: 1855 daAuts
     D:3: 1813 daAuts
     D:1: 1527 daAuts
     D:2: 1289 daAuts
     D:4: 1289 daAuts
     D:9: 1193 daAuts
    D:12: 1186 daAuts
    D:10: 1080 daAuts
  Bailey: 934 daAuts
 Ossuary: 772 daAuts
  Temple: 87 daAuts
